 Dungeon Crawl Stone Soup version 0.28.0-43-g3370ac3207 (webtiles) character file.

Game seed: 16880838333978257771

12991 dengdeng the Severer (level 11, -6/101 HPs)
             Began as a Minotaur Berserker on Mar 22, 2022.
             Was a High Priest of Trog.
             Mangled by a wraith (9 damage)
             ... on level 11 of the Dungeon.
             The game lasted 00:34:36 (12329 turns).

dengdeng the Severer (Minotaur Berserker)          Turns: 12329, Time: 00:34:36

Health: -6/101     AC: 19    Str: 27    XL:     11   Next: 69%
Magic:  10/10      EV:  8    Int:  4    God:    Trog [*****.]
Gold:   739        SH:  0    Dex:  9    Spells: 10/10 levels left

rFire   . . .      SeeInvis .   i - +2 executioner's axe (vorpal)
rCold   . . .      Faith    .   (shield currently unavailable)
rNeg    . . .      Spirit   .   g - +0 plate armour
rPois   .          Reflect  .   o - +2 hat
rElec   .          Harm     .   (no cloak)
rCorr   .          Rampage  .   (no gloves)
Will    .....                   w - +0 pair of boots
Stlth   ..........              (no amulet)
HPRegen 0.26/turn               (no ring)
MPRegen 0.12/turn               (no ring)

@: on berserk cooldown, slowed, very slow
A: horns 2, retaliatory headbutt
a: Renounce Religion, Berserk, Trog's Hand, Brothers in Arms


You were on level 11 of the Dungeon.
You worshipped Trog.
Trog was extremely pleased with you.
You visited 1 branch of the dungeon, and saw 11 of its levels.
You also visited: Ossuary.

You collected 739 gold pieces.

Inventory:

Hand Weapons
 a - a +1 war axe of freezing
 i - a +2 vorpal executioner's axe (weapon)
 B - a +4 battleaxe
 I - a +0 morningstar
 K - a +2 flail of holy wrath
Missiles
 b - 256 stones (quivered)
 t - 3 boomerangs
 A - 4 throwing nets
Armour
 g - a +0 plate armour (worn)
 o - a +2 hat (worn)
 w - a +0 pair of boots (worn)
Jewellery
 c - a ring of ice
 m - an amulet of regeneration
 y - a ring of ice
Wands
 p - a wand of digging (19)
 D - a wand of polymorph (8)
Scrolls
 d - 14 scrolls of identify
 f - a scroll of torment {unknown}
 k - 4 scrolls of teleportation
 q - 3 scrolls of blinking
 s - a scroll of amnesia {unknown}
 u - a scroll of enchant armour {unknown}
 x - 2 scrolls of magic mapping {unknown}
 z - a scroll of brand weapon {unknown}
 C - a scroll of summoning {unknown}
 J - a scroll of vulnerability {unknown}
Potions
 e - a potion of ambrosia {unknown}
 h - a potion of brilliance {unknown}
 j - 6 potions of lignification
 l - 7 potions of curing
 n - a potion of magic {unknown}
 r - a potion of haste {unknown}
 v - 3 potions of heal wounds
 E - 2 potions of cancellation {unknown}
 F - 2 potions of flight {unknown}
 G - a potion of berserk rage {unknown}
 H - a potion of resistance {unknown}
Miscellaneous
 L - a phial of floods


   Skills:
 + Level 10.5 Fighting
 + Level 16.0 Axes
 + Level 0.5 Throwing
 + Level 12.4 Armour
 + Level 3.2 Dodging
 + Level 1.4 Stealth


You had 10 spell levels left.
You didn't know any spells.
Your spell library was empty.

Dungeon Overview and Level Annotations

Branches:
Dungeon (11/15)            Temple (0/1) D:5             Orc (0/2) D:11
Ossuary (visited)
   Lair: D:8-11

Altars:
Dithmenos
Fedhas
Kikubaaqudgha
Nemelex Xobeh
Trog
Yredelemnul
Zin

Shops:
D:6 *   D:11 !

Portals:
Abyss: D:10
Trove: D:10 (give +6 demon blade)

Annotations:
D:7 exclusion: oklob plant
D:10 2 transporters, Zero1's ghost, journeyman HOFi
D:11 exclusion: 2 oklob plants


Innate Abilities, Weirdness & Mutations

You have a pair of horns on your head.
You reflexively headbutt those who attack you in melee.


Message History

The troll bites you but does no damage. The troll closely misses you.
The troll claws you but does no damage.
Unknown command.
The troll closely misses you. x2; The troll claws you but does no damage.
You see here a komodo dragon corpse.
Unknown command.
You feel a strong urge to attack something.
Unknown command.
A hobgoblin zombie comes into view.
You are no longer berserk.
You are exhausted.
You feel yourself slow down.
The vampire gestures wildly while chanting.
The vampire flickers and vanishes!
Deactivating autopickup; reactivate with Ctrl-A.
Unknown command.
You slice the troll like a ripe choko!!!
You kill the troll!
Trog accepts your kill.
Your Axes skill increases to level 16!
Unknown command.
The orc zombie barely misses you. You furiously retaliate!
You headbutt the orc zombie. Something hits you.
* * * LOW HITPOINT WARNING * * *
Something bites you but does no damage.
You barely miss something. Your headbutt misses something.
You slash the orc zombie!
You destroy the orc zombie!
Trog accepts your kill. Something hits you.
* * * LOW HITPOINT WARNING * * *
Something bites you but does no damage.
You closely miss something. Your headbutt misses something.
You slash the wraith!
You hear some strange, mumbled words.
Something tries to affect you, but you resist.
The wraith hits you but does no damage. Something draws life force from you!!
* * * LOW HITPOINT WARNING * * *
The wraith hits you!
You die...

.. ## ### #. . ..... ..
.. # .#)##.#.# #.##
.......#. ...#.#..[... #
#.#.WZ:..#. #.
#..@#......
..##.#{#.#.##.
}..#Z.Z.....
..##.#(#.##.## #.
#.......... #
#.#.##.###.#
#..##.#.##.###.##
#............... #+#
#.####.##.#..##.#####.##


You could see a wraith, a hobgoblin zombie and a goblin skeleton.

Vanquished Creatures
  Harold (D:7)
  Erica (D:10)
  A centaur warrior (D:11)
  A two-headed ogre (D:10)
  Maggie (D:10)
  A komodo dragon (D:11)
  A troll (D:11)
  Grinder (D:5)
  2 meliai zombies
  A shadow (D:11)
  Eustachio (D:5)
  A wyvern (D:7)
  2 wraiths
  15 yaks
  2 steam dragons (D:8)
  The ghost of Sondor the Stinger, an amateur DsVM (D:4)
  An acid dragon (D:11)
  2 water moccasins (D:7)
  2 orc warriors
  A sky beast (D:4)
  A black bear (D:7)
  2 necrophages
  6 centaurs
  4 phantoms
  A bullfrog (D:6)
  2 kobold brigands
  A scorpion (D:5)
  7 killer bees
  10 wights
  A water moccasin skeleton (D:4)
  7 howler monkeys
  11 centaur zombies
  A bullfrog skeleton (D:5)
  A centaur skeleton (D:4)
  4 orc priests
  4 hounds
  3 iguanas
  A jelly (D:7)
  A killer bee zombie (D:4)
  8 ogre zombies (D:11)
  2 hound zombies (D:5)
  A hound skeleton (D:4)
  9 mummies
  5 howler monkey zombies
  8 adders
  A dart slug (D:4)
  16 orcs
  4 ball pythons
  10 endoplasms
  4 giant cockroaches
  6 goblins
  9 hobgoblins
  2 jackals (D:3)
  16 kobolds
  A quokka (D:2)
  5 bats
  4 frilled lizards
  5 goblin zombies (D:11)
  10 hobgoblin zombies
  3 kobold zombies
  3 orc skeletons (D:11)
  14 orc zombies
  4 rats
257 creatures vanquished.

Notes
Turn   | Place    | Note
-------+----------+-------------------------------------------
     0 | D:1      | dengdeng the Minotaur Berserker began the quest for the
                  | Orb.
     0 | D:1      | Reached XP level 1. HP: 19/19 MP: 0/0
   283 | D:1      | Reached XP level 2. HP: 27/27 MP: 1/1
   417 | D:1      | Reached skill level 4 in Axes
  1222 | D:2      | Reached XP level 3. HP: 31/34 MP: 2/2
  1363 | D:2      | Reached ** piety under Trog
  2131 | D:3      | Reached XP level 4. HP: 41/41 MP: 3/3
  2656 | D:4      | Reached skill level 5 in Fighting
  2665 | D:4      | Reached XP level 5. HP: 19/48 MP: 4/4
  2955 | D:4      | Found a shadowy altar of Dithmenos.
  3026 | D:4      | Reached skill level 5 in Axes
  3031 | D:4      | Noticed a sky beast
  3034 | D:4      | Noticed a centaur
  3035 | D:4      | Found a transporter.
  3035 | D:4      | Noticed Sondor's ghost (amateur DsVM)
  3043 | D:4      | Found a transporter.
  3676 | D:4      | Killed a centaur
  3677 | D:4      | Reached XP level 6. HP: 55/56 MP: 5/5
  3680 | D:4      | Killed a sky beast
  3681 | D:4      | Reached skill level 6 in Axes
  3681 | D:4      | Reached skill level 5 in Armour
  3684 | D:4      | Killed Sondor's ghost
  3685 | D:4      | Reached XP level 7. HP: 41/61 MP: 6/6
  3915 | D:5      | Entered Level 5 of the Dungeon
  3956 | D:5      | Reached skill level 7 in Axes
  4059 | D:5      | Noticed Grinder
  4068 | D:5      | Paralysed by Grinder for 2 turns
  4073 | D:5      | Paralysed by Grinder for 3 turns
  4085 | D:5      | Killed Grinder
  4328 | D:5      | Found a staircase to the Ecumenical Temple.
  4370 | D:5      | Reached skill level 8 in Axes
  4370 | D:5      | Reached skill level 1 in Stealth
  4370 | D:5      | Reached XP level 8. HP: 55/70 MP: 7/7
  4527 | D:5      | Found an ancient bone altar of Kikubaaqudgha.
  4530 | D:5      | Reached *** piety under Trog
  4684 | D:5      | Noticed Eustachio
  4699 | D:5      | Killed Eustachio
  5019 | D:6      | Reached skill level 9 in Axes
  5166 | D:6      | Found Buyssumm's Assorted Antiques.
  5590 | D:6      | Found a glowing silver altar of Zin.
  6297 | D:7      | Reached skill level 10 in Axes
  6297 | D:7      | Found a sparkling altar of Nemelex Xobeh.
  6419 | D:7      | Reached XP level 9. HP: 74/77 MP: 8/8
  6646 | D:7      | Found a blossoming altar of Fedhas.
  6672 | D:7      | Noticed an oklob plant
  6868 | D:7      | Noticed Harold
  6878 | D:7      | Killed Harold
  6879 | D:7      | Reached skill level 11 in Axes
  7252 | D:7      | Reached **** piety under Trog
  7525 | D:8      | Reached skill level 10 in Armour
  7568 | D:8      | Reached skill level 12 in Axes
  7822 | D:8      | Found a sand-covered staircase.
  7827 | Ossuary  | Entered an ossuary
  7904 | Ossuary  | Reached XP level 10. HP: 78/88 MP: 9/9
  8796 | D:9      | Reached skill level 13 in Axes
  9012 | D:9      | Reached ***** piety under Trog
  9028 | D:9      | Found a bloodstained altar of Trog.
  9825 | D:10     | Entered Level 10 of the Dungeon
  9837 | D:10     | HP: 2/135 [centaur warrior zombie (5)]
 10193 | D:10     | Found a basalt altar of Yredelemnul.
 10202 | D:10     | Reached skill level 14 in Axes
 10371 | D:10     | Received a gift from Trog
 10415 | D:10     | Found a transporter.
 10447 | D:10     | Reached XP level 11. HP: 72/97 MP: 10/10
 10451 | D:10     | Found a one-way gate to the infinite horrors of the Abyss.
 10451 | D:10     | Noticed Zero1's ghost (journeyman HOFi)
 10455 | D:10     | Noticed a thrashing horror
 10455 | D:10     | Noticed a soul eater
 10610 | D:10     | Noticed Maggie
 10619 | D:10     | Killed Maggie
 10743 | D:10     | Noticed a sun demon
 10745 | D:10     | Noticed a hell hog
 11024 | D:10     | Found a transporter.
 11047 | D:10     | Found a portal to a secret trove of treasure.
 11219 | D:10     | Noticed a two-headed ogre
 11219 | D:10     | Noticed Erica
 11228 | D:10     | Killed a two-headed ogre
 11229 | D:10     | Reached skill level 10 in Fighting
 11229 | D:10     | Reached skill level 15 in Axes
 11231 | D:10     | Killed Erica
 11705 | D:11     | Noticed an oklob plant
 11705 | D:11     | Noticed an oklob plant
 11874 | D:11     | Noticed a centaur warrior
 11882 | D:11     | Killed a centaur warrior
 12048 | D:11     | Found a staircase to the Orcish Mines.
 12183 | D:11     | Found Pifis's Distillery.
 12327 | D:11     | Reached skill level 16 in Axes
 12329 | D:11     | HP: 3/101 [something (19)]
 12329 | D:11     | Mangled by a wraith

Illustrated notes

Levels and vault maps discovered:
D:1:      dpeg_arrival_connections, layout_loops_corners,
          chequers_serial_rivers_small_3
D:2:      layout_rooms
D:3:      layout_loops_ring
D:4:      layout_basic, nicolae_dithmenos_the_darkroom, gammafunk_ghost_arena
D:5:      layout_gridville, nicolae_kikubaaqudgha_miasma_corner,
          minmay_temple_entry_glass, minmay_crystal_water, grunt_ministairs_13,
          chequers_mini_garden, uniq_grinder, uniq_eustachio
D:6:      layout_loops_cross, zin_scriptorium, serial_shops,
          nicolae_shop_hallway_stairs, minmay_mini_ossuary
D:7:      layout_cave_pods, lemuel_crystal_altar, tgw_fedhas, enter_bailey_2,
          uniq_harold
D:8:      layout_basic, enter_ossuary_2
D:9:      layout_roguey, trog_three_pillars_becter, chequers_garden
D:10:     layout_basic, nicolae_yredelemnul_corpse_copse,
          nicolae_trove_entry_isolated, gammafunk_ghost_abyssal_escape,
          uniq_maggie, uniq_erica
D:11:     layout_loops_corners, dpeg_oklobed_lair, zombieorc2_lemuel,
          serial_shops, nicolae_square_shop, portal_ice_cave_entry_pillars_1,
          minmay_diced_spiral

Skill      XL: |  1  2  3  4  5  6  7  8  9 10 11 |
---------------+----------------------------------+-----
Fighting       | 4 5 6 8 9 10 | 10.5
Axes           | 4 5 6 8 10 12 14 16 | 16.0
Armour         | 3 4 5 6 8 10 11 12 | 12.4
Stealth        | 1 |  1.4
Dodging        | 3 |  3.2
Throwing       | |  0.5

Action                   |  1- 3 |  4- 6 |  7- 9 | 10-12 || total
-------------------------+-------+-------+-------+-------++-------
Melee: Hand axe          |    99 |    63 |   126 |       ||   288
       Headbutt          |    13 |    14 |    38 |    56 ||   121
       Punch             |     1 |     2 |     5 |     1 ||     9
       War axe           |       |       |    15 |    78 ||    93
       Battleaxe         |       |       |    87 |    49 ||   136
       Executioner's axe |       |       |       |   117 ||   117
Throw: Stone             |     5 |     1 |     1 |       ||     7
Invok: Berserk           |       |     1 |     2 |     2 ||     5
  Use: Scroll            |       |       |       |     6 ||     6
Armor: Ring mail         |    20 |       |       |       ||    20
       Animal skin       |     1 |       |       |       ||     1
       Plate armour      |    25 |    47 |   129 |   228 ||   429
Dodge: Dodged            |    47 |    22 |   113 |   126 ||   308
